 Dungeon Crawl Stone Soup version 0.28.0-1-gb440e238dd (webtiles) character file.

Game seed: 11848820813020951299

10551 mcwallace the Nimble (level 11, -21/87 HPs)
             Began as a Barachi Ice Elementalist on Feb 21, 2022.
             Was an Elder of Cheibriados.
             Demolished by a two-headed ogre (22 damage)
             ... on level 9 of the Dungeon.
             The game lasted 01:10:28 (13700 turns).

mcwallace the Nimble (Barachi Ice Elementalist)    Turns: 13700, Time: 01:10:29

Health: -21/87     AC: 12    Str: 19    XL:     11   Next: 63%
Magic:  16/20      EV: 18    Int: 37    God:    Cheibriados [****..]
Gold:   176        SH:  0    Dex: 21    Spells: 7/22 levels left

rFire   + + .      SeeInvis .   W - +5 trident of Karma {freeze, rElec rF+ Will+ Int+2, polearm}
rCold   + + +      Faith    .   (no shield)
rNeg    . . .      Spirit   .   t - +1 robe of the Pink Corner {+Blink rC+++ Stlth+}
rPois   +          Reflect  .   j - +0 helmet
rElec   +          Harm     .   Y - +0 cloak {rPois}
rCorr   .          Rampage  .   N - +1 pair of gloves "Onouwnab" {Fly Int+4}
Will    +....                   (no boots)
Stlth   +++.......              a - amulet of Doumuig {Acrobat Int+2 Slay+2}
HPRegen 0.24/turn               q - ring of protection from fire
MPRegen 0.17/turn               e - +4 ring of protection

@: about to teleport, unable to hop, flying, very slow
A: amphibious, slowness 1, strong legs 1, +LOS
a: Hop, Renounce Religion, Evoke Blink, Bend Time, Temporal Distortion, Slouch


You were on level 9 of the Dungeon.
You worshipped Cheibriados.
Cheibriados was greatly pleased with you.
You visited 2 branches of the dungeon, and saw 11 of its levels.

You collected 556 gold pieces.
You spent 380 gold pieces at shops.


Innate Abilities, Weirdness & Mutations

You are amphibious.
You cover ground slowly.
You can hop short distances.
You have an extended range of vision and can be seen from far away.


   Skills:
 - Level 8.6 Fighting
 - Level 4.1 Short Blades
 + Level 6.7 Armour
 - Level 9.0 Dodging
 - Level 1.7 Stealth
 + Level 4.5 Shields
 - Level 6.0 Spellcasting
 - Level 5.0 Conjurations
 + Level 3.3 Summonings
 - Level 8.0 Ice Magic
 + Level 5.0 Invocations
 + Level 4.8 Evocations


You had 7 spell levels left.
You knew the following spells:

 Your Spells              Type           Power      Damage    Failure   Level
a - Freeze                Ice            100%       1d11      1%          1
b - Frozen Ramparts       Ice            100%       1d12      1%          3
c - Ozocubu's Armour      Ice            63%        N/A       1%          3
d - Hailstorm             Conj/Ice       56%        3d12      2%          4
e - Summon Lightning Spi  Summ/Air       23%        N/A       17%         4

Your spell library contained the following spells:

 Spells                   Type           Power      Damage    Failure   Level
 Conjure Flame            Conj/Fire      29%        6-21      3%          3
 Ignite Poison            Fire/Tmut/Pois 11%        N/A       10%         3
 Sticky Flame             Conj/Fire      29%        2d5       12%         4
 Animate Armour           Summ/Erth      46%        N/A       17%         4
 Blade Hands              Tmut           5%         N/A       65%         5
 Iron Shot                Conj/Erth      14%        9d4       87%         6
 Dispersal                Tloc           5%         N/A       99%         6
 Storm Form               Tmut/Air       5%         N/A       100%        7
 Disjunction              Tloc           5%         N/A       100%        8
 Maxwell's Capacitive Co  Air            5%         ∞         100%        8

Inventory:

Hand Weapons
 o - a +1 short sword of protection {short}
   (You took it off an orc on level 8 of the Dungeon)
 r - a +0 halberd {polearm}
   (You took it off an orc warrior on level 4 of the Dungeon)
 A - a +2 long sword of protection {long}
   (You found it on level 8 of the Dungeon)
 B - a -1 eveningstar {macerare=g}
   (You found it on level 5 of the Dungeon)
 T - a +0 whip of electrocution {mace}
   (You took it off an orc on level 9 of the Dungeon)
 V - a +0 dagger of venom {short}
   (You took it off an orc wizard on level 9 of the Dungeon)
 W - the +5 trident of Karma (weapon) {freeze, rElec rF+ Will+ Int+2, polearm}
   (You found it on level 9 of the Dungeon)

   It freezes those it strikes, dealing additional cold damage.
   It can also slow down cold-blooded creatures.
   Int:       It affects your intelligence (+2).
   rF:        It protects you from fire.
   rElec:     It insulates you from electricity.
   Will:      It increases your willpower.
Missiles
 c - 63 sling bullets
 f - 186 arrows
 i - 253 stones {throwing}
 m - 19 poisoned darts (quivered) {throwing}
 n - 138 bolts
 s - 5 boomerangs {throwing}
 C - 4 javelins {throwing}
 H - 5 silver javelins {throwing}
 U - 3 boomerangs of dispersal {=f!fthrowing}
Armour
 j - a +0 helmet (worn)
   (You found it on level 6 of the Dungeon)
 t - the +1 robe of the Pink Corner (worn) {+Blink rC+++ Stlth+}
   (You bought it in a shop on level 2 of the Dungeon)

   rC:        It renders you almost immune to cold.
   +Blink:    It lets you blink.
   Stlth:     It makes you more stealthy.
 N - the +1 pair of gloves "Onouwnab" (worn) {Fly Int+4}
   (You bought it in a shop on level 2 of the Dungeon)

   Int:       It affects your intelligence (+4).
   Fly:       It grants you flight.
 Q - a +0 kite shield
   (You took it off a gnoll sergeant on level 8 of the Dungeon)
 R - a +1 hat
   (You found it on level 8 of the Dungeon)
 S - the +1 robe "Nuta" {rF- Int+3}
   (You found it on level 10 of the Dungeon)

   Int:       It affects your intelligence (+3).
   rF:        It makes you vulnerable to fire.
 Y - a +0 cloak of poison resistance (worn)
   (You found it on level 9 of the Dungeon)
Magical Staves
 y - a staff of air {!astaff}
   (You found it on level 5 of the Dungeon)
Jewellery
 a - the amulet of Doumuig (around neck) {Acrobat Int+2 Slay+2}
   (You took it off an orc wizard on level 4 of the Dungeon)

   [amulet of the acrobat]

   It increases your evasion while moving and waiting.
   Int:       It affects your intelligence (+2).
   Slay:      It affects your accuracy & damage with ranged weapons and melee
   (+2).
 e - a +4 ring of protection (right hand)
   (You found it on level 3 of the Dungeon)
 q - a ring of protection from fire (left hand)
   (You found it on level 2 of the Dungeon)
 x - a ring of ice
   (You took it off an orc warrior on level 4 of the Dungeon)
 G - an amulet of guardian spirit
   (You found it on level 6 of the Dungeon)
 I - a ring of flight
   (You found it on level 7 of the Dungeon)
 O - an amulet of the acrobat
   (You found it on level 8 of the Dungeon)
Wands
 g - a wand of mindburst (8)
   (You found it on level 7 of the Dungeon)
 u - a wand of flame (54)
   (You took it off Natasha on level 3 of the Dungeon)
 J - a wand of iceblast (17)
   (You found it on level 8 of the Dungeon)
Scrolls
 b - 2 scrolls of amnesia {unknown}
 d - 2 scrolls of identify {@r1}
 h - a scroll of fear
 k - a scroll of fog
 l - 2 scrolls of torment {unknown}
 p - a scroll of immolation {unknown}
 w - a scroll of enchant armour {unknown}
 E - 3 scrolls of teleportation {@r4}
 F - a scroll of enchant weapon {unknown}
 K - a scroll of blinking {unknown}
 L - a scroll of brand weapon {unknown}
 M - a scroll of holy word {unknown}
 P - a scroll of summoning {unknown}
 X - a scroll of vulnerability {unknown}
 Z - a scroll of magic mapping {unknown}
Potions
 v - a potion of mutation {!q}
 z - 5 potions of curing {@q1}
 D - 4 potions of brilliance

Dungeon Overview and Level Annotations

Branches:
Dungeon (10/15)            Temple (1/1) D:6            Lair (0/6) D:8
    Orc: D:9-12

Altars:
Ashenzari
Cheibriados
Elyvilon
Gozag
Hepliaklqana
Makhleb
Nemelex Xobeh
Okawaru
Qazlal
Uskayaw
Vehumet
Wu Jian
Xom
Yredelemnul
Zin
The Shining One

Shops:
D:1 !   D:2 *:(?*   D:9 !

Annotations:
D:1 1 runed translucent door
D:3 2 transporters, 1 runed translucent door, Clumpoid's ghost, amateur DsEE; Crazy Yiuf

#.##.##.8#8#8.# #############
#.##.##.......## #....#
#.##.#8.<.∩.>.8# #....#
#.##.##.......## #....#
#.##.##.8#8#8## #....#
#..#.##.##.### #....#
##.#.##)##.###############....##
##.#.##.##.##..oO........#.....#
...#....##.#...D@...####.))###.##
#.............#####.####.### #...
..[.....##.##.# #..##...## #...
..####.###.##.# ##.#.....###.##
#.# ##..##.##.# ####.#.........#
#.###....#.##.# #..#.#.....#####
#........#.##.###.##.#....##
#.##.....#.#......##.############
#.###....#.#.......#..!..#.......


You could see a two-headed ogre, an acid dragon and an orc priest.


Message History

You hit the orc warrior. You freeze the orc warrior. You punch the orc warrior.
The wall freezes the orc warrior.
The orc warrior closely misses you.
Reach: W) +5 trident of Karma {freeze, rElec rF+ Will+ Int+2, polearm}
Press: ? - help, Dir - move target, f/p - orc warrior
Aim: an orc warrior, wielding a +1 battleaxe of distortion and wearing a +0 chain mail (severely wounded, about 31% to evade the +5 trident of Karma)
You puncture the orc warrior! You freeze the orc warrior.
You kill the orc warrior!
Cheibriados appreciates the change of pace. 😮 HP[+1]
The frozen ramparts melt away as you move.
You now have enough gold to buy a glowing buckler on D:2, or buy 2 potions of mutation on D:1.
You can access your shopping list by pressing '$'.
You now have 176 gold pieces (gained 29).
Things that are here:
a +1 battleaxe of distortion {!waxe}; a +0 chain mail; an orc corpse An orc priest comes into view.
It is wielding a +0 club. 😮 MP[+1] 😮 HP[+1]
An orc wizard comes into view.
It is wielding a +0 dagger. 😮 HP[+1] MP[+1]
You barely miss the orc wizard.
The orc wizard hits you but does no damage. 😮 HP[+1]
Casting: Frozen Ramparts (safe; 1% risk of failure)
Confirm with . or Enter, or press ? or * to list all spells.
Casting: Frozen Ramparts (safe; 1% risk of failure)
Press: ? - help, Dir - look around, f - activate
Okay, then.
The orc wizard completely misses you.
Casting: Frozen Ramparts (safe; 1% risk of failure)
Confirm with . or Enter, or press ? or * to list all spells.
Casting: Frozen Ramparts (safe; 1% risk of failure)
Press: ? - help, Dir - look around, f - activate The walls around you are covered in ice.
The orc priest shouts!
The wall freezes the orc wizard.
The orc wizard misses you.
An acid dragon comes into view. 😮 MP[-2]
You lost 2 mp, and now have 14/20 mp.
You puncture the orc wizard! You freeze the orc wizard.
You kill the orc wizard!
Cheibriados appreciates the change of pace. 😮 HP[+1] Reach: W) +5 trident of Karma {freeze, rElec rF+ Will+ Int+2, polearm}
Press: ? - help, Dir - move target, f - acid dragon
Aim: an acid dragon (about 29% to evade the +5 trident of Karma)
Okay, then.
Okay, then.
Reach: W) +5 trident of Karma {freeze, rElec rF+ Will+ Int+2, polearm}
Press: ? - help, Dir - move target, f - acid dragon
Aim: an acid dragon (about 29% to evade the +5 trident of Karma)
You reach to attack!
You barely miss the acid dragon.
Reach: W) +5 trident of Karma {freeze, rElec rF+ Will+ Int+2, polearm}
Press: ? - help, Dir - move target, f/p - acid dragon
Aim: an acid dragon (about 29% to evade the +5 trident of Karma)
You barely miss the acid dragon.
The wall freezes the orc priest!
The orc priest hits you but does no damage.
The wall freezes the acid dragon!
The acid dragon spits acid at you. The splash of acid misses you.
A two-headed ogre comes into view. It is wielding two +0 giant clubs.
The wall freezes the orc priest.
The orc priest hits you but does no damage.
Reach: W) +5 trident of Karma {freeze, rElec rF+ Will+ Int+2, polearm}
Press: ? - help, Dir - move target, f/p - acid dragon
Aim: an acid dragon (moderately wounded, catching its breath, about 29% to evade the +5 trident of Karma)
Okay, then.
Hop to where?
Press: ? - help, Dir - move target, p - acid dragon Your frozen ramparts will break if you move.
Continue?
The frozen ramparts melt away as you move.
Boing! 😮 HP[+1]
The acid dragon completely misses you. The acid dragon claws you.
The orc priest mumbles some strange prayers to Beogh against you.
Beogh smites you!
* * * LOW HITPOINT WARNING * * *
😨 HP[-12] MP[+1]
You take 12 damage, and now have 38/87 hp.
The acid dragon completely misses you. x3; The acid dragon misses you.
The orc priest casts a cantrip, but nothing happens.
There is a stone staircase leading up here. 😨 HP[+1]
The acid dragon bites you but does no damage.
The acid dragon claws you but does no damage.
The two-headed ogre hits you with a +0 giant club!!
* * * LOW HITPOINT WARNING * * *
The two-headed ogre closely misses you. The orc priest closely misses you.
You fly upwards.
There is a stone staircase leading down here. 😱 HP[-27] MP[+1]
You take 27 damage, and now have 12/87 hp.
MASSIVE DAMAGE!! (PAUSE)
As you read the scroll of teleportation {@r4}, it crumbles to dust.
You feel strangely unstable. The acid dragon bites you!
* * * LOW HITPOINT WARNING * * *
The acid dragon barely misses you. The orc priest barely misses you.
The two-headed ogre hits you with a +0 giant club!!
You die...

Skill      XL: |  1  2  3  4  5  6  7  8  9 10 11 |
---------------+----------------------------------+-----
Ice Magic      | 5 6 7 8 |  8.0
Fighting       | 1 2 3 5 6 7 8 |  8.6
Dodging        | 3 4 5 6 7 8 9 |  9.0
Spellcasting   | 3 4 5 6 |  6.0
Short Blades   | 2 4 |  4.1
Conjurations   | 3 5 |  5.0
Armour         | 2 5 6 |  6.7
Invocations    | 1 3 5 |  5.0
Evocations     | 3 4 |  4.8
Shields        | 2 4 |  4.5
Summonings     | 3 |  3.3
Stealth        | |  1.7

Action                   |  1- 3 |  4- 6 |  7- 9 | 10-12 || total
-------------------------+-------+-------+-------+-------++-------
Melee: Dagger            |    15 |   112 |   316 |       ||   443
       Punch             |       |     2 |    11 |     1 ||    14
       Halberd           |       |       |    19 |   100 ||   119
       Trident           |       |       |       |    28 ||    28
Throw: Dart              |       |       |     6 |     4 ||    10
       Boomerang         |       |       |     3 |       ||     3
 Cast: Freeze            |    53 |     2 |     1 |       ||    56
       Frozen Ramparts   |     1 |    10 |    53 |    52 ||   116
       Ozocubu's Armour  |       |     2 |    12 |    14 ||    28
       Summon Lightning  |       |       |       |     1 ||     1
 Abil: Hop               |       |     1 |       |     1 ||     2
Evoke: Wand              |       |       |     8 |     4 ||    12
  Use: Scroll            |       |     5 |     5 |     5 ||    15
       Potion            |       |     2 |       |       ||     2
 Stab: Sleeping          |       |     2 |     2 |     1 ||     5
Armor: Robe              |    12 |    15 |    66 |    60 ||   153
Dodge: Dodged            |    21 |    51 |   196 |   194 ||   462

Levels and vault maps discovered:
D:1:      dpeg_arrival_caged_fury, layout_rooms, serial_shops,
          nicolae_shop_window_shopping
D:2:      layout_basic, ebering_ecumenical_altar_petrified, serial_shops, shop,
          nicolae_shop_waterfront, nicolae_square_shop, shop, shop, basic_altar,
          moated_statue, corexii_shack
D:3:      layout_basic, mainiacjoe_overflow_alcove_2, gammafunk_ghost_mausoleum,
          minmay_quadrilaterals, uniq_crazy_yiuf_cottage, uniq_jessica,
          uniq_natasha
D:4:      layout_loops_cross, minmay_misc_feat_tower, minmay_divided_ellipse
D:5:      old_forge, layout_layer_cave, overflow_temple_1_default, st_stairs_3
D:6:      nicolae_BIG_FREAKIN_CUBE, layout_loops_ring,
          minmay_temple_entry_overgrown
D:7:      layout_basic, lemuel_crystal_altar, enter_ossuary_2, uniq_joseph
D:8:      layout_basic, lair_entry_dummy
D:9:      layout_loops_ring, serial_shops, nicolae_stop_n_shop_2,
          serial_co_window_serial, co_window_corner_a, co_window_paths_a,
          co_window_paths_b, co_window_of_opportunity_a, co_window_corner_a,
          co_window_corner_a, co_window_paths_a, co_window_unsneaky_path_e,
          co_window_corner_b, co_window_broadway_a, co_window_cross_3,
          glass_columns_a, uniq_prince_ribbit1, uniq_psyche
D:10:     layout_loops_cross, hangedman_decor_opposing,
          amcnicky_altar_lugonu_corruption, uniq_fannar, uniq_maurice
Temple:   mainiacjoe_temple_bowtie_tessellation

Notes
Turn   | Place    | Note
-------+----------+-------------------------------------------
     0 | D:1      | mcwallace the Barachi Ice Elementalist began the quest for
                  | the Orb.
     0 | D:1      | Reached XP level 1. HP: 13/13 MP: 3/3
     0 | D:1      | magus.rc [v1.9.6]
     1 | D:1      | Found a runed translucent door.
   308 | D:1      | Reached skill level 5 in Ice Magic
   308 | D:1      | Reached XP level 2. HP: 18/20 MP: 1/5
   511 | D:1      | Reached skill level 1 in Fighting
   735 | D:1      | Found Maiptem's Distillery.
   835 | D:2      | Found a faded altar of an unknown god.
   936 | D:2      | Reached XP level 3. HP: 16/26 MP: 2/6
   940 | D:2      | Learned a level 3 spell: Frozen Ramparts
   944 | D:2      | Learned a level 3 spell: Ozocubu's Armour
  1081 | D:2      | Found Lurchuu's Assorted Antiques.
  1130 | D:2      | Found a broken altar of Ashenzari.
  1560 | D:2      | Found Voahetz's Antique Weapon Boutique.
  1566 | D:2      | Found Yclo Rih's Book Boutique.
  1603 | D:2      | Found Mymnutz's Magic Scroll Shoppe.
  1744 | D:2      | Found Paeppam's Assorted Antiques.
  1920 | D:3      | Noticed Jessica
  2023 | D:3      | Noticed a phantom
  2041 | D:3      | Reached skill level 3 in Dodging
  2041 | D:3      | Reached XP level 4. HP: 30/33 MP: 6/8
  2161 | D:3      | Reached skill level 2 in Fighting
  2313 | D:3      | Noticed Natasha
  2321 | D:3      | Killed Natasha
  2322 | D:3      | Reached skill level 3 in Spellcasting
  2566 | D:3      | Killed a phantom
  2567 | D:3      | Reached XP level 5. HP: 15/40 MP: 3/10
  2811 | D:3      | Found a transporter.
  2812 | D:3      | Noticed Clumpoid's ghost (amateur DsEE)
  2841 | D:3      | Found a runed translucent door.
  2842 | D:3      | Noticed Crazy Yiuf
  2892 | D:3      | Noticed a necrophage
  2893 | D:3      | Found a transporter.
  2901 | D:3      | Killed Jessica
  2902 | D:3      | Reached skill level 3 in Fighting
  2988 | D:3      | Found a sparkling altar of Nemelex Xobeh.
  3149 | D:2      | Bought a colourful robe for 114 gold pieces
  3149 | D:2      | Identified the +1 robe of the Pink Corner {+Blink rC+++
                  | Stlth+} (You bought it in a shop on level 2 of the Dungeon)
  3226 | D:4      | Reached skill level 6 in Ice Magic
  3226 | D:4      | Reached XP level 6. HP: 47/47 MP: 7/11
  3265 | D:4      | Identified the amulet of Doumuig {Acrobat Int+2 Slay+2}
  3272 | D:4      | Reached skill level 4 in Dodging
  3319 | D:4      | HP: 11/48 [phantom (6)]
  3325 | D:4      | HP: 8/48 [worm (3)]
  3349 | D:3      | HP: 9/48 [phantom (3)]
  3356 | D:3      | Reached skill level 4 in Spellcasting
  3356 | D:3      | Reached XP level 7. HP: 11/53 MP: 5/13
  3754 | D:4      | Reached skill level 4 in Fighting
  4193 | D:4      | HP: 12/54 [orc warrior (15)]
  4438 | D:3      | Noticed Natasha
  4447 | D:3      | Killed Natasha
  4455 | D:3      | Noticed Natasha
  4468 | D:3      | Killed Natasha
  4787 | D:4      | You pick up a book of the Warp and begin reading...
  4787 | D:4      | You add the spells Dispersal and Disjunction to your
                  | library.
  4809 | D:4      | Reached skill level 5 in Dodging
  4973 | D:4      | Reached skill level 7 in Ice Magic
  5273 | D:5      | Entered Level 5 of the Dungeon
  5324 | D:5      | Reached skill level 5 in Fighting
  5324 | D:5      | Reached XP level 8. HP: 43/62 MP: 15/15
  5456 | D:5      | Reached skill level 5 in Spellcasting
  6100 | D:5      | Reached skill level 1 in Short Blades
  6554 | D:5      | Reached skill level 6 in Fighting
  6554 | D:5      | Reached skill level 6 in Dodging
  6566 | D:5      | Reached skill level 2 in Short Blades
  6735 | D:5      | B - a -1 eveningstar {macerare=g}
  6969 | D:5      | Reached skill level 8 in Ice Magic
  6973 | D:5      | Reached XP level 9. HP: 62/69 MP: 10/17
  7301 | D:5      | Reached skill level 1 in Conjurations
  7325 | D:5      | Reached skill level 3 in Short Blades
  7355 | D:5      | Reached skill level 6 in Spellcasting
  7439 | D:5      | magus.rc [v1.9.6]
  7586 | D:5      | Found a glowing silver altar of Zin.
  7868 | D:6      | Reached skill level 2 in Conjurations
  7973 | D:6      | Learned a level 4 spell: Hailstorm
  8075 | D:6      | Reached skill level 7 in Fighting
  8109 | D:6      | Reached skill level 7 in Dodging
  8340 | D:6      | Reached skill level 4 in Short Blades
  8367 | D:6      | Found a staircase to the Ecumenical Temple.
  8374 | Temple   | Entered the Ecumenical Temple
  8443 | Temple   | Became a worshipper of Cheibriados the Contemplative
  8836 | D:6      | Reached skill level 3 in Conjurations
  8955 | D:7      | Noticed Joseph
  8963 | D:7      | Killed Joseph
  8964 | D:7      | Reached skill level 1 in Armour
  8964 | D:7      | Reached skill level 1 in Invocations
  9232 | D:7      | Noticed a komodo dragon
  9262 | D:7      | Killed a komodo dragon
  9263 | D:7      | Reached skill level 2 in Armour
  9270 | D:7      | Reached XP level 10. HP: 37/80 MP: 14/19
  9276 | D:7      | Reached skill level 4 in Conjurations
  9479 | D:7      | Noticed a seven-headed hydra
  9486 | D:7      | Reached skill level 8 in Fighting
  9486 | D:7      | Reached skill level 2 in Invocations
  9486 | D:7      | Killed an unseen horror
  9486 | D:7      | Killed a seven-headed hydra
  9487 | D:7      | Reached skill level 3 in Armour
  9487 | D:7      | Reached skill level 8 in Dodging
  9509 | D:7      | Reached * piety under Cheibriados
  9545 | D:7      | Found a basalt altar of Yredelemnul.
  9936 | D:2      | Bought a pair of fading gloves for 266 gold pieces
  9936 | D:2      | Identified the +1 pair of gloves "Onouwnab" {Fly Int+4}
                  | (You bought it in a shop on level 2 of the Dungeon)
 10122 | D:8      | Reached skill level 4 in Armour
 10198 | D:8      | Reached skill level 3 in Invocations
 10222 | D:8      | Reached skill level 5 in Conjurations
 10419 | D:8      | Reached skill level 1 in Evocations
 10450 | D:8      | Reached ** piety under Cheibriados
 10819 | D:8      | Reached skill level 1 in Shields
 10827 | D:8      | Reached skill level 2 in Evocations
 11167 | D:8      | Found a staircase to the Lair.
 11348 | D:9      | Found Obok's Distillery.
 11388 | D:9      | Reached skill level 2 in Shields
 11401 | D:9      | Reached skill level 5 in Armour
 11489 | D:9      | Reached *** piety under Cheibriados
 11511 | D:9      | You pick up a book of Iron and begin reading...
 11511 | D:9      | You add the spells Animate Armour, Blade Hands and Iron
                  | Shot to your library.
 11550 | D:9      | Noticed Psyche
 11560 | D:9      | Killed Psyche
 11561 | D:9      | Reached skill level 3 in Evocations
 11561 | D:9      | Reached XP level 11. HP: 87/87 MP: 14/20
 11592 | D:9      | Reached skill level 4 in Invocations
 11726 | D:9      | Noticed Prince Ribbit
 11732 | D:9      | Killed Prince Ribbit
 11733 | D:9      | Reached skill level 3 in Shields
 11744 | D:9      | Reached skill level 9 in Dodging
 11835 | D:9      | Identified the +5 trident of Karma {freeze, rElec rF+ Will+
                  | Int+2}
 11914 | D:9      | You pick up a book of the Sky and begin reading...
 11914 | D:9      | You add the spells Summon Lightning Spire, Storm Form and
                  | Maxwell's Capacitive Coupling to your library.
 11959 | D:9      | You add the spells Conjure Flame, Ignite Poison and Sticky
                  | Flame to your library.
 12292 | D:9      | Reached skill level 1 in Summonings
 12301 | D:9      | Reached skill level 6 in Armour
 12471 | D:9      | Reached skill level 4 in Evocations
 12471 | D:9      | Reached **** piety under Cheibriados
 12472 | D:9      | Reached skill level 2 in Summonings
 12486 | D:9      | Reached skill level 4 in Shields
 12598 | D:9      | Noticed a two-headed ogre
 12921 | D:9      | Killed a two-headed ogre
 13121 | D:10     | Entered Level 10 of the Dungeon
 13143 | D:10     | Noticed Maurice
 13154 | D:10     | Killed Maurice
 13155 | D:10     | Reached skill level 3 in Summonings
 13165 | D:10     | Learned a level 4 spell: Summon Lightning Spire
 13322 | D:10     | Identified the +1 robe "Nuta" {rF- Int+3}
 13372 | D:10     | Reached skill level 5 in Invocations
 13694 | D:10     | Noticed a two-headed ogre
 13698 | D:10     | HP: 12/87 [two-headed ogre (27)]
 13700 | D:9      | HP: 1/87 [acid dragon (11)]
 13700 | D:9      | Demolished by a two-headed ogre

Vanquished Creatures
  A hydra (D:7)
  A two-headed ogre (D:9)
  Maurice (D:10)
  Joseph (D:7)
  An unseen horror (D:7)
  Psyche (D:9)
  A komodo dragon (D:7)
  Prince Ribbit (D:9)
  A shadow (D:9)
  17 yaks
  3 steam dragons
  3 water moccasins
  An acid dragon (D:10)
  5 orc warriors
  A sky beast (D:7)
  A hornet zombie (D:7)
  An ogre (D:5)
  3 ice beasts
  A necrophage (D:5)
  4 centaurs
  4 phantoms
  A kobold brigand (D:7)
  A gnoll sergeant (D:8)
  7 scorpions
  9 killer bees (D:9)
  4 howler monkeys
  3 centaur zombies
  3 bullfrog zombies
  6 orc priests
  5 hounds
  2 jellies
  A bullfrog skeleton (D:6)
  A gnoll shaman (D:5)
  A centaur skeleton (D:4)
  Jessica (D:3)
  5 iguanas
  A scorpion zombie (D:5)
  16 orc wizards
  Natasha (thrice) (D:3)
  A howler monkey zombie (D:9)
  9 gnolls
  7 adders
  A white imp (D:6)
  3 ufetubi
  An adder skeleton (D:4)
  An adder zombie (D:4)
  2 worms
  2 dart slugs (D:4)
  36 orcs
  3 endoplasms
  5 giant cockroaches
  8 goblins
  7 hobgoblins
  5 jackals
  7 quokkas
  2 ball pythons
  19 bats
  A frilled lizard (D:3)
  18 kobolds
  6 rats
  A lurking horror (D:10)
268 creatures vanquished.

Vanquished Creatures (others)
  9 fungi
  6 plants (D:5)
15 creatures vanquished.

Grand Total: 283 creatures vanquished

Table legend:
 A = Non-vault XP
 B = Vault XP
 C = Vault XP percentage of total XP
 D = Non-vault monster count
 E = Vault monster count
 F = Vault count percentage of total count
                 A         B        C        D         E       F
            +---------+---------+-------+---------+---------+-------
      Total |   12516 |    2558 |  17.0 |     225 |      42 |  15.7
            +---------+---------+-------+---------+---------+-------
        D:1 |      27 |       0 |   0.0 |      18 |       0 |   0.0
        D:2 |      39 |       2 |   4.9 |      13 |       1 |   7.1
        D:3 |     328 |      87 |  21.0 |      26 |       6 |  18.8
        D:4 |     338 |     360 |  51.6 |      24 |      13 |  35.1
        D:5 |    1281 |     545 |  29.8 |      31 |      18 |  36.7
        D:6 |     722 |       0 |   0.0 |      10 |       0 |   0.0
        D:7 |    2429 |     439 |  15.3 |      21 |       1 |   4.5
        D:8 |    1783 |       0 |   0.0 |      28 |       0 |   0.0
        D:9 |    4953 |     629 |  11.3 |      45 |       2 |   4.3
       D:10 |     616 |     496 |  44.6 |       9 |       1 |  10.0
            +---------+---------+-------+---------+---------+-------

Illustrated notes

Table legend:
 A = Kills in this place as a percentage of kills in entire the game.
 B = Kills by you in this place as a percentage of kills by you in the entire game.
 C = Kills by friends in this place as a percentage of kills by friends in the entire game.
 D = Other kills in this place as a percentage of other kills in the entire game.
 E = Experience gained in this place as a percentage of experience gained in the entire game.
 F = Experience gained in this place divided by the number of levels of this place that you have seen.
                   A       B       C       D       E      F
               +-------+-------+-------+-------+-------+----------------------
         Total | 100.0 | 100.0 |   N/A |   N/A | 100.0 | 1370.4
       Dungeon | 100.0 | 100.0 |   N/A |   N/A | 100.0 | 1507.4
               +-------+-------+-------+-------+-------+----------------------

Table legend: (Time is in decaauts)
 A = Elapsed time spent in this place.
 B = Non-inter-level travel time spent in this place.
 C = Inter-level travel time spent in this place.
 D = Time resting spent in this place.
 E = Time spent auto-exploring this place.
 F = Levels seen in this place.
 G = Mean time per level.
                   A        B        C        D        E       F      G
               +--------+--------+--------+--------+--------+-----+--------+
         Total |  16820 |  15811 |   1009 |   2739 |   7011 |  11 | 1529.1 |
       Dungeon |  16663 |  15654 |   1009 |   2739 |   6943 |  10 | 1666.3 |
        Temple |    157 |    157 |      0 |      0 |     68 |   1 |  157.0 |
               +--------+--------+--------+--------+--------+-----+--------+

Top non-repeatable levels by time:
     D:9: 2847 daAuts
     D:5: 2821 daAuts
     D:3: 2094 daAuts
     D:8: 1917 daAuts
     D:4: 1627 daAuts
     D:2: 1371 daAuts
     D:6: 1322 daAuts
     D:7: 1171 daAuts
     D:1: 872 daAuts
    D:10: 617 daAuts
  Temple: 157 daAuts
